 Dungeon Crawl Stone Soup version 0.29.0-4-gdea44cf6ec (webtiles) character file.

Game seed: 1332826290868570475

27 sentinel the Digger (level 3, -3/26 HPs)
             Began as a Meteoran Earth Elementalist on Aug 27, 2022.
             Slain by an iguana (10 damage)
             ... on level 4 of the Dungeon.
             The game lasted 00:02:24 (227 turns).

sentinel the Digger (Meteoran Earth Elementalist)    Turns: 227, Time: 00:02:24

Health: -3/26      AC:  2    Str:  9    XL:     3   Next: 44%
Magic:  0/8        EV: 12    Int: 18    God:
Gold:   0          SH:  0    Dex: 15    Spells: 2/7 levels left

rFire   . . .      SeeInvis .   e - +0 dagger
rCold   . . .      Faith    .   (no shield)
rNeg    . . .      Spirit   .   a - +0 robe
rPois   .          Reflect  .   (no helmet)
rElec   .          Harm     .   (no cloak)
rCorr   .          Rampage  .   (no gloves)
Will    .....                   (no boots)
Stlth   +.........              (no amulet)
HPRegen 0.08/turn               (no ring)
MPRegen 0.11/turn               (no ring)

@: glowing
A: sense surroundings 1, otherworldly, glowing, explore regen
a: no special abilities


You were on level 4 of the Dungeon.
You visited 1 branch of the dungeon, and saw 4 of its levels.

Inventory:

Hand Weapons
 e - a +0 dagger (weapon)
Missiles
 d - 4 boomerangs of dispersal
Armour
 a - a +0 robe (worn)
Potions
 b - a potion of magic
 c - 2 potions of curing {unknown}
 f - a potion of degeneration {unknown}


   Skills:
 - Level 2.4 Dodging
 - Level 1.4 Stealth
 + Level 2.9 Spellcasting
 + Level 1.0 Summonings
 + Level 0.7 Translocations
 - Level 1.2 Transmutations
 + Level 4.6 Earth Magic


You had 2 spell levels left.
You knew the following spells:

 Your Spells              Type           Power      Damage    Failure   Level
a - Sandblast             Erth           38%        2d10      2%          1
b - Summon Small Mammal   Summ           24%        N/A       11%         1
c - Passwall              Tmut/Erth      10%        N/A       8%          2
g - Apportation           Tloc           10%        N/A       12%         1

Your spell library contained the following spells:

 Spells                   Type           Power      Damage    Failure   Level
 Necrotise                Necr           8%         1d4       17%         1
 Stone Arrow              Conj/Erth      20%        3d8       19%         3
 Petrify                  Tmut/Erth      13%        N/A       45%         4


Dungeon Overview and Level Annotations

Branches:
Dungeon (4/15) Zot: 2158
 Temple: D:4-7

Altars:


Innate Abilities, Weirdness & Mutations

You passively map a small area around you.
You are easily found by Zot.
You glow in the dark.
You regain HP and MP as you explore.


Message History

You are too injured to fight recklessly!
You are too injured to fight recklessly!
You are too injured to fight recklessly!
Casting: Sandblast (safe; 3% risk of failure)
Confirm with . or Enter, or press ? or * to list all spells.
Aiming: Sandblast (safe; 3% risk of failure)
Press: ? - help, Shift-Dir - straight line, f - frilled lizard
Aim: a frilled lizard (70% to hit)
The blast of sand hits the frilled lizard!
You kill the frilled lizard!
An endoplasm comes into view.
The endoplasm quivers.
Casting: Sandblast (safe; 3% risk of failure)
Confirm with . or Enter, or press ? or * to list all spells.
Aiming: Sandblast (safe; 3% risk of failure)
Press: ? - help, Shift-Dir - straight line, f - endoplasm
Aim: an endoplasm (98% to hit)
The blast of sand hits the endoplasm!
You kill the endoplasm!
There is a stone staircase leading down here.
You climb downwards.
There is a stone staircase leading up here.
Found a silvery potion and 2 stones.
Found a stone staircase leading up.
c - 2 silvery potions (gained 1)
Found a bubbling coppery potion.
A hobgoblin comes into view.
The hobgoblin shouts!
There is a stone staircase leading up here.
You climb upwards.
There is a stone staircase leading down here.
You climb downwards.
There is a stone staircase leading up here.
The blast of sand hits the hobgoblin.
The hobgoblin is severely wounded.
The hobgoblin closely misses you.
The blast of sand misses the hobgoblin.
The hobgoblin hits you.
The blast of sand hits the hobgoblin but does no damage.
The hobgoblin is severely wounded.
The hobgoblin hits you. The hobgoblin completely misses you.
The blast of sand hits the hobgoblin but does no damage.
The hobgoblin is severely wounded.
The hobgoblin barely misses you.
The blast of sand hits the hobgoblin!
You kill the hobgoblin!
f - a bubbling coppery potion HP restored.
HP restored.
A hobgoblin comes into view.
The blast of sand hits the hobgoblin.
The hobgoblin is heavily wounded.
The hobgoblin shouts!
The blast of sand hits the hobgoblin!
You kill the hobgoblin!
You see here a hobgoblin corpse.
Magic restored.
Magic restored.
Found a stone staircase leading down.
Found a book of Cantrips.
You pick up a book of Cantrips and begin reading...
You add the spells Necrotise, Summon Small Mammal and Apportation to your library.
Memorise Apportation, consuming 1 spell level and leaving 2?
You start memorising the spell.
You continue memorising.
You finish memorising.
Spell assigned to 'g'.
Memorise Summon Small Mammal, consuming 1 spell level and leaving 1?
You start memorising the spell.
You continue memorising.
You finish memorising.
Spell assigned to 'b'.
There is a stone staircase leading down here.
You climb downwards.
The ball python hisses angrily.
There is a stone staircase leading up here.
The blast of sand hits the ball python!
You kill the ball python!
Hit: e) +0 dagger
Press: ? - help, Dir - move target
Okay, then.
A quokka and an adder come into view.
The blast of sand hits the adder!
The adder is almost dead.
The adder hisses angrily.
You miscast Sandblast.
You are very lightly contaminated with residual magic.
Nothing appears to happen.
The blast of sand hits the quokka.
The quokka is almost dead.
The quokka misses you. The quokka bites you.
The blast of sand hits the quokka!
You kill the quokka!
The adder barely misses you.
The blast of sand hits the adder!
You kill the adder!
You have reached level 3!
Your experience leads to an increase in your attributes!
Increase (s)trength, (i)ntelligence, or (d)exterity?
You feel clever. x2; You feel agile.
Your magical contamination has completely faded away.
Found 7 gold pieces.
A jackal comes into view. 3 jackals come into view.
The jackal barks! x2
The blast of sand misses the jackal.
The jackal bites you. The jackal barely misses you. The jackal bites you.
The blast of sand hits the jackal!
You kill the jackal!
The jackal closely misses you.
The blast of sand misses the jackal.
The jackal bites you. x2
The jackal closely misses you. x2
The blast of sand hits the jackal!
You kill the jackal!
The jackal barely misses you. The jackal bites you. x2
You miscast Sandblast.
You are very lightly contaminated with residual magic.
Nothing appears to happen.
The jackal bites you but does no damage. x2
The blast of sand hits the jackal.
You kill the jackal!
The jackal bites you. x2
The blast of sand hits the jackal!
You kill the jackal!
Your Summonings skill increases to level 1!
You are out of magic!
Unknown command.
Found 13 gold pieces.
Your magical contamination has completely faded away.
An iguana comes into view.
The iguana hisses angrily.
The blast of sand hits the iguana.
The iguana is moderately wounded.
The iguana bites you.
You are too injured to fight recklessly!
Casting: Sandblast (safe; 2% risk of failure)
Confirm with . or Enter, or press ? or * to list all spells.
Aiming: Sandblast (safe; 2% risk of failure)
Press: ? - help, Shift-Dir - straight line, f/p - iguana
Aim: an iguana (moderately wounded, 84% to hit)
The blast of sand hits the iguana!
The iguana is almost dead.
The iguana barely misses you. The iguana attacks as you move away!
The iguana barely misses you.
Casting: Sandblast (safe; 2% risk of failure)
Confirm with . or Enter, or press ? or * to list all spells.
Aiming: Sandblast (safe; 2% risk of failure)
Press: ? - help, Shift-Dir - straight line, f/p - iguana
Aim: an iguana (almost dead, 84% to hit)
The blast of sand hits the iguana but does no damage.
The iguana is almost dead.
The iguana bites you.
* * * LOW HITPOINT WARNING * * *
The iguana bites you!
You die...

....†#########...#
.....* #####†..#
....# ###......$#
...# #.........#
... #.........# ..
#..###....# .# #.
#....# #,* ##...#
* #.l@# , #$..#* *
, #.... * , #.....
##....., #.....# *
* #....## * ,
,....##


You could see an iguana.

Vanquished Creatures
  An adder (D:4)
  A worm (D:2)
  An endoplasm (D:2)
  A goblin (D:1)
  2 hobgoblins (D:3)
  4 jackals (D:4)
  A quokka (D:4)
  A ball python (D:4)
  A frilled lizard (D:2)
  A rat (D:2)
14 creatures vanquished.

Notes
Turn   | Place    | Note
-------+----------+-------------------------------------------
     0 | D:1      | sentinel the Meteoran Earth Elementalist began the quest
                  | for the Orb.
     0 | D:1      | Reached XP level 1. HP: 14/14 MP: 5/5
    71 | D:2      | Reached skill level 4 in Earth Magic
    71 | D:2      | Reached XP level 2. HP: 4/20 MP: 1/6
    74 | D:2      | Learned a level 2 spell: Passwall
   175 | D:3      | Learned a level 1 spell: Apportation
   177 | D:3      | Learned a level 1 spell: Summon Small Mammal
   201 | D:4      | Reached XP level 3. HP: 21/26 MP: 1/8
   218 | D:4      | Reached skill level 1 in Summonings
   227 | D:4      | Slain by an iguana

Illustrated notes

Levels and vault maps discovered:
D:1:      zelgadis_glass_arrival_small, layout_basic, serial_glass,
          glass_columns_a, glass_columns_c, hangedman_decor_points
D:2:      wander_river, layout_rooms, shapermc_ecumenical_altar_mp_urbaneastern,
          minmay_misc_feat_pillars
D:3:      minmay_roachtagon, layout_loops_cross
D:4:      layout_layer_cave, nicolae_wormholes

Skill      XL: |  1  2  3 |
---------------+----------+-----
Earth Magic    | 4 |  4.6
Summonings     | 1 |  1.0
Dodging        | |  2.4
Stealth        | |  1.4
Spellcasting   | |  2.9
Translocations | |  0.7
Transmutations | |  1.2

Action                   || total
-------------------------++-------
 Cast: Sandblast         ||    30
  Use: Scroll            ||     1
Armor: Robe              ||     2
Dodge: Dodged            ||    14
